 Dungeon Crawl Stone Soup version 0.20.1-1-g8b1a95d (webtiles) character file.

161 taka the Ducker (level 5, -1/58 HPs)
             Began as a Human Wanderer on Aug 20, 2017.
             Slain by a hippogriff (3 damage)
             ... on level 3 of the Dungeon.
             The game lasted 00:11:40 (3287 turns).

taka the Ducker (Human Wanderer)                    Turns: 3287, Time: 00:11:43

Health: -1/58      AC:  8    Str: 21    XL:     5   Next: 70%
Magic:  7/7        EV:  9    Int: 11    God:
Gold:   142        SH:  0    Dex: 11    Spells: 7/7 levels left

rFire    . . .     SeeInvis +   a - +2 dagger
rCold    . . .     Gourm    .   (no shield)
rNeg     . . .     Faith    .   n - +0 chain mail
rPois    .         Spirit   .   (no helmet)
rElec    .         Reflect  .   (no cloak)
rCorr    .         Harm     .   (no gloves)
MR       .....                  (no boots)
Stlth    ..........             (no amulet)
Regen    0.2/turn               p - ring of see invisible
MPRegen  0.1/turn               (no ring)

@: berserking, very quick
A: no striking features
a: no special abilities


You were on level 3 of the Dungeon.
You were not hungry.

You visited 1 branch of the dungeon, and saw 3 of its levels.

You collected 142 gold pieces.

Inventory:

Hand Weapons
 a - a +2 dagger (weapon)
 q - a +0 dagger of holy wrath
Armour
 e - a +0 robe
 n - a +0 chain mail (worn)
Jewellery
 p - a ring of see invisible (left hand)
Wands
 y - a wand of polymorph (10/24)
Scrolls
 g - a scroll of enchant weapon {unknown}
 h - 2 scrolls of remove curse {unknown}
 i - 4 scrolls of identify {unknown}
 j - a scroll of fog {unknown}
 k - a scroll of recharging {unknown}
 s - a scroll of noise {unknown}
 t - a scroll of amnesia {unknown}
 v - a scroll of fear {unknown}
 w - 3 scrolls of immolation {unknown}
 x - a scroll of random uselessness {unknown}
Potions
 c - 4 potions of curing
 d - a potion of lignification
 l - a potion of heal wounds {unknown}
 m - a potion of brilliance {unknown}
 r - a potion of resistance {unknown}
Comestibles
 f - 3 bread rations
 o - a meat ration
 u - 5 fruits


   Skills:
 + Level 2.6 Fighting
 + Level 2.0 Short Blades
 + Level 2.0 Armour
 + Level 3.6 Dodging
 - Level 3.3 Stealth
   Level 1.0 Shields
 + Level 1.1 Unarmed Combat
 * Level 1.7 Spellcasting


You had 7 spell levels left.
You didn't know any spells.

Dungeon Overview and Level Annotations

Branches:
Dungeon (3/15)

Altars:
Ashenzari
Elyvilon
Nemelex Xobeh


Message History

The hippogriff pecks you but does no damage.
The hippogriff claws you but does no damage.
You hit the hippogriff.
The hippogriff is heavily wounded.
You hit the hippogriff.
The hippogriff is heavily wounded.
The hippogriff bites you.
* * * LOW HITPOINT WARNING * * *
The hippogriff pecks you but does no damage.
The hippogriff barely misses you.
You puncture the hippogriff!
The hippogriff is almost dead.
You closely miss the hippogriff.
The hippogriff is almost dead.
The hippogriff bites you.
* * * LOW HITPOINT WARNING * * *
The hippogriff pecks you.
* * * LOW HITPOINT WARNING * * *
The hippogriff claws you.
You die...

.######.############.#
.# #.# #.#
.######.##### #.#
............# #.#
..........)## #<#
##########)# ###
######## #.#
.......###.########
................@.#
.......###.######H#
.......# #.# .#
######## #.# .#
##########.# .#
...........# .#
..########## .# #.# .#
#.#


You could see a hippogriff.

Vanquished Creatures
  An orc wizard (D:3)
  Robin (D:2)
  3 adders
  2 worms (D:3)
  4 dart slugs
  5 leopard geckos
  4 orcs (D:3)
  3 giant cockroaches
  14 goblins
  12 hobgoblins
  3 jackals (D:1)
  5 kobolds
  3 bats
  4 frilled lizards
  4 rats
68 creatures vanquished.

Vanquished Creatures (others)
  A goblin (D:2)
1 creature vanquished.

Grand Total: 69 creatures vanquished

Notes
Turn   | Place    | Note
-------+----------+-------------------------------------------
     0 | D:1      | taka the Human Wanderer began the quest for the Orb.
     0 | D:1      | taka set off with: a +2 dagger, a potion of berserk rage, a potion of curing, a potion of lignification, a +0 robe, a bread ration
     0 | D:1      | Reached XP level 1. HP: 16/16 MP: 1/1
    14 | D:1      | Noticed an electric eel
   110 | D:1      | Reached XP level 2. HP: 13/22 MP: 2/2
   485 | D:1      | Reached skill level 1 in Spellcasting
   485 | D:1      | Reached XP level 3. HP: 24/27 MP: 4/4
  1102 | D:2      | Found a sparkling altar of Nemelex Xobeh.
  1124 | D:2      | Found a white marble altar of Elyvilon.
  1288 | D:2      | Noticed Robin
  1291 | D:2      | Reached XP level 4. HP: 26/33 MP: 4/6
  1486 | D:1      | Reached skill level 1 in Short Blades
  1868 | D:2      | Killed Robin
  1868 | D:2      | Reached skill level 1 in Armour
  2296 | D:3      | Reached XP level 5. HP: 39/39 MP: 7/7
  3222 | D:3      | Found a shattered altar of Ashenzari.
  3274 | D:3      | Noticed a hippogriff
  3287 | D:3      | HP: 2/58 [hippogriff (4)]
  3287 | D:3      | Slain by a hippogriff

Skill      XL: |  1  2  3  4  5 |
---------------+----------------+-----
Spellcasting   | 1 |  1.7
Short Blades   | 1 2 |  2.0
Armour         | 1 2 |  2.0
Fighting       | |  2.6
Dodging        | |  3.6
Stealth        | |  3.3
Shields        | |  1.0
Unarmed Combat | |  1.1

Action                   |  1- 3 |  4- 6 || total
-------------------------+-------+-------++-------
Melee: Dagger            |   125 |   218 ||   343
       Punch             |     1 |       ||     1
  Use: Potion            |       |     1 ||     1
 Stab: Sleeping          |     2 |       ||     2
  Eat: Chunk             |     1 |     7 ||     8
Armor: Robe              |     8 |       ||     8
       Chain mail        |    49 |   119 ||   168
Dodge: Dodged            |    56 |    79 ||   135
